 Dungeon Crawl Stone Soup version 0.14.0-24-gfb45beb (webtiles) character file.

485 staplegun the Cudgeler (level 6, 0/40 HPs)
             Began as a Gargoyle Berserker on Apr 24, 2014.
             Was a Follower of Jiyva.
             Slain by a grizzly bear (7 damage)
             ... summoned by the rage of Trog
             ... on Level 3 of the Dungeon.
             The game lasted 00:04:14 (2692 turns).

staplegun the Cudgeler (Gargoyle Berserker)         Turns: 2692, Time: 00:04:14

HP   0/40        AC 11     Str 23      XL: 6   Next: 65%
MP   6/6         EV  8     Int  7      God: Jiyva [*.....]
Gold 126         SH  0     Dex  9      Spells:  0 memorised,  5 levels left

rFire  . . .     SeeInvis .     a - +0,-1 mace
rCold  . . .     Clarity  .     m - +0 scale mail
rNeg   + . .     Conserve .     l - +0 buckler
rPois  +         rCorr    .     (no helmet)
rElec  +         rRot     +     (no cloak)
SustAb . .       Spirit   .     (no gloves)
rMut   .         Warding  .     (no boots)
Saprov . . .     Stasis   .     (no amulet)
MR     .....                    (no ring)
                                (no ring)

@: confused, not resistant to hostile enchantments, extremely unstealthy
A: life protection 1, electricity resistance, unbreathing, petrification
resistance, AC +4
a: Request Jelly, Renounce Religion


You were on level 3 of the Dungeon.
You worshipped Jiyva.
Jiyva was aware of your devotion.
You were not hungry.

You visited 1 branch of the dungeon, and saw 4 of its levels.

You collected 126 gold pieces.

Inventory:

Hand weapons
 a - a +0,-1 mace (weapon)
 k - a -3,-1 whip
Armour
 b - a +0 animal skin
 j - a +0 ring mail
 l - a +0 buckler (worn)
 m - a +0 scale mail (worn)
 y - a cursed +0 robe
Comestibles
 g - 2 pears
 r - a choko
Scrolls
 c - a scroll of fog {unknown}
 e - 3 scrolls of blinking
 f - a scroll of random uselessness {unknown}
 i - 2 scrolls of fear {unknown}
 n - a scroll of enchant armour {unknown}
 t - a scroll of recharging {unknown}
 u - 2 scrolls of identify {unknown}
 x - a scroll of noise {unknown}
Jewellery
 p - an uncursed ring of sustain abilities {unknown}
Potions
 d - a potion of haste {unknown}
 h - a potion of brilliance {unknown}
 o - a potion of flight {unknown}
 q - a potion of curing
 s - 2 potions of might {unknown}
 v - a potion of heal wounds {unknown}
Books
 w - a book of Dreams

   Spells                             Type                      Level
   Ensorcelled Hibernation            Hexes/Ice                    2
   Flight                             Charms/Air                   3
   Phase Shift                        Translocation                5
   Shadow Creatures                   Summoning                    5
   Mass Confusion                     Hexes                        6
   Darkness                           Hexes                        7


   Skills:
 + Level 4.9 Fighting
 + Level 5.1 Maces & Flails
 + Level 4.3 Armour
 - Level 1.5 Dodging
 + Level 2.5 Shields


You had 5 spell levels left.
You didn't know any spells.

Dungeon Overview and Level Annotations

Branches:
Dungeon (4/15)
 Temple: D:4-7

Altars:
Sif Muna
Jiyva


Innate Abilities, Weirdness & Mutations

You are resistant to torment.
You are immune to poison.
You are immune to rotting.
Your stone body is very resilient (AC +4).
You resist negative energy.
You are resistant to electric shocks.
You can survive without breathing.
You are immune to petrification.


Message History

The black bear claws you but does no damage. x2
You hit the black bear.
The black bear is lightly wounded.
The black bear completely misses you.
The black bear claws you but does no damage. x2
The black bear bites you! The black bear claws you. The black bear claws you.
The black bear rages.
Ouch! The grizzly bear barely misses you.
The grizzly bear completely misses you. The grizzly bear claws you!
The black bear bites you.
The black bear claws you but does no damage.
The black bear barely misses you. The grizzly bear barely misses you.
The grizzly bear claws you but does no damage.
The grizzly bear claws you.
* * * LOW HITPOINT WARNING * * *
You hit the grizzly bear but do no damage.
The grizzly bear bites you.
* * * LOW HITPOINT WARNING * * *
The grizzly bear barely misses you. The grizzly bear claws you!
You die...

...##.................#
......................###########
......................'.........#
.......#########......#########.#
.##...............>...# #<#.#
.####.........##......### #.#.#
.####...........U<......# #.#.#
..#.........J###UU......# #.#.#
..#.............@UU.....# #.#.#
.........##....###.##########.#.#
......#####....##..........##.#.#
......+........++..........##.#.#
......###......##..........##.#.#
##....# #......##..........##.#.#
####### #..............%......#.#
..#######....#####.############.#
#.....................# #.#


You could see 2 grizzly bears, 3 black bears and a neutral jelly (fellow slime).

Vanquished Creatures
  The ghost of athros the Distorting Demonspawn, an average DsAK of Lugonu (D:3)
  A hound (D:3)
  A jelly (D:3)
  A worker ant (D:3)
  Jessica (D:2)
  Terence (D:2)
  2 adders (D:2)
  A giant mite (D:2)
  A worm (D:2)
  An adder skeleton (D:4)
  4 oozes
  5 orcs (D:3)
  6 bats
  8 goblins
  4 hobgoblins
  3 jackals (D:1)
  A quokka (D:2)
  6 giant cockroaches
  5 giant geckos
  2 giant newts (D:3)
  4 kobolds
  8 rats
67 creatures vanquished.

Vanquished Creatures (others)
  A hound (D:3)
  An adder (D:3)
  A giant newt (D:3)
3 creatures vanquished.

Grand Total: 70 creatures vanquished

Notes
Turn   | Place    | Note
--------------------------------------------------------------
     0 | D:1      | staplegun, the Gargoyle Berserker, began the quest for the Orb.
     0 | D:1      | Reached XP level 1. HP: 14/14 MP: 1/1
   229 | D:1      | Reached XP level 2. HP: 17/19 MP: 2/2
   868 | D:2      | Noticed Terence
   879 | D:2      | Killed Terence
   879 | D:2      | Reached XP level 3. HP: 12/24 MP: 3/3
   969 | D:2      | Reached skill level 4 in Maces & Flails
  1006 | D:2      | Found a deep blue altar of Sif Muna.
  1067 | D:2      | Noticed Jessica
  1094 | D:2      | Killed Jessica
  1094 | D:2      | Reached XP level 4. HP: 14/29 MP: 4/4
  1369 | D:2      | Acquired Trog's second power
  1786 | D:3      | Reached skill level 1 in Shields
  1786 | D:3      | Reached XP level 5. HP: 27/33 MP: 5/5
  1790 | D:3      | Noticed athros' ghost (average DsAK)
  1799 | D:3      | Killed athros' ghost
  1799 | D:3      | Reached XP level 6. HP: 39/39 MP: 6/6
  1880 | D:3      | Found a viscous altar of Jiyva.
  2108 | D:3      | Fell from the grace of Trog
  2108 | D:3      | Became a worshipper of Jiyva Jypy the Shapeless
  2336 | D:3      | Acquired Jiyva's first power
  2385 | D:3      | Reached skill level 5 in Maces & Flails
  2688 | D:3      | Noticed a grizzly bear
  2688 | D:3      | Noticed a grizzly bear
  2692 | D:3      | Slain by a grizzly bear

Action                   |  1- 3 |  4- 6 || total
-------------------------+-------+-------++-------
Melee: Mace              |    91 |   169 ||   260
Invok: Berserk           |     2 |     1 ||     3
       Trog's Hand       |       |     1 ||     1
  Use: Scroll            |     2 |       ||     2
       Potion            |       |     1 ||     1
